 Dungeon Crawl Stone Soup version 0.14-a0-1168-gf5005bf (webtiles) character file.

2113 PolkaDot the Transmogrifier (level 8, 0/51 (55) HPs)
             Began as a Vampire Transmuter on Nov 29, 2013.
             Was an Initiate of Kikubaaqudgha.
             Slain by an orc warrior
             ... wielding a +0,+1 orcish great mace
              (19 damage)
             ... on Level 7 of the Dungeon.
             The game lasted 00:31:01 (6679 turns).

PolkaDot the Transmogrifier (Vampire Transmuter)    Turns: 6679, Time: 00:31:01

HP   0/51 (55)   AC  4     Str 14      XL: 8   Next: 87%
MP  15/15        EV 13     Int 18      God: Kikubaaqudgha [......]
Gold 270         SH  0     Dex 16      Spells:  4 memorised,  2 levels left

rFire  x . .     SeeInvis +       - Unarmed
rCold  + . .     Clarity  .     c - +0 robe
rNeg   + . .     Conserve .     (no shield)
rPois  .         rCorr    .     (no helmet)
rElec  .         rRot     .     G - +0 orc cloak
SustAb . .       Spirit   .     p - +0 pair of gauntlets
rMut   .         Warding  .     (no boots)
Saprov . . .     Stasis   .     (no amulet)
                                C - +3 ring of intelligence
                                E - ring of ice

@: mighty, somewhat resistant to hostile enchantments, unstealthy
A: bottle blood, fangs 3, see invisible, unbreathing
a: Bat Form, Bottle Blood, Renounce Religion


You were on level 7 of the Dungeon.
You worshipped Kikubaaqudgha.
Kikubaaqudgha was noncommittal.
You were not thirsty.

You visited 2 branches of the dungeon, and saw 8 of its levels.

You collected 270 gold pieces.

Inventory:

Missiles
 b - 33 arrows (quivered)
 k - 19 poisoned arrows
Armour
 c - a +0 robe (worn)
 p - a +0 pair of gauntlets (worn)
 G - a +0 orcish cloak (worn)
Magical devices
 s - a wand of polymorph (10)
 t - a wand of fire (11) {unknown}
 u - a wand of lightning (5) {unknown}
Scrolls
 g - a scroll of noise
 i - 4 scrolls of remove curse
 j - 3 scrolls of enchant weapon II
 l - a scroll of fear {unknown}
 m - a scroll of recharging {unknown}
 r - 5 scrolls of teleportation
 v - 3 scrolls of amnesia
 x - a scroll of curse armour {unknown}
 z - a scroll of blinking {unknown}
Jewellery
 A - an uncursed ring of teleportation
 C - a +3 ring of intelligence (right hand)
 E - a ring of ice (left hand)
Potions
 e - a potion of berserk rage {unknown}
 f - a potion of flight
 h - 2 potions of magic
 n - 2 potions of curing
 o - a potion of resistance {unknown}
 w - a potion of mutation
 B - a potion of speed {unknown}
 D - a potion of agility {unknown}
 F - 2 potions of degeneration {unknown}
Books
 d - a book of Changes

   Spells                             Type                      Level
   *Beastly Appendage                 Transmutation                1
   *Sticks to Snakes                  Transmutation                2
   *Spider Form                       Transmutation/Poison         3
   Ice Form                           Ice/Transmutation            4
   *Blade Hands                       Transmutation                5
 y - a book of Battle

   Spells                             Type                      Level
   Infusion                           Charms                       1
   Shroud of Golubria                 Charms/Translocation         2
   Song of Slaying                    Charms                       2
   Spectral Weapon                    Hexes/Charms                 3
   Regeneration                       Charms/Necromancy            3


   Skills:
 - Level 1.1 Fighting
 * Level 2.9 Dodging
 * Level 8.9 Unarmed Combat
 - Level 3.2 Spellcasting
 + Level 9.0 Transmutations


You had 2 spell levels left.
You knew the following spells:

 Your Spells              Type           Power        Failure   Level  Hunger
a - Beastly Appendage     Trmt           #####.       1%          1    None
b - Blade Hands           Trmt           #####.....   14%         5    #####..
s - Spider Form           Trmt/Pois      ###.......   10%         3    ###....
S - Sticks to Snakes      Trmt           #####.....   1%          2    ##.....


Dungeon Overview and Level Annotations

Branches:
Dungeon (7/16)             Temple (1/1) D:7

Altars:
Cheibriados
Elyvilon
Kikubaaqudgha
Makhleb
Nemelex Xobeh
Okawaru
Sif Muna
Trog
Vehumet
Yredelemnul
the Shining One


Innate Abilities, Weirdness & Mutations

You can bottle blood from corpses.
You have razor-sharp teeth.*
You have supernaturally acute eyesight.
You can survive without breathing.*


Message History

Something smites you!
You hit the orc priest.
The orc priest is almost dead.
The orc priest hits you with an orcish hand axe.
You punch the orc priest!
You kill the orc priest!
Kikubaaqudgha accepts your kill.
Drink which item? (? for menu, Esc to quit)
Okay, then.
Drink which item? (? for menu, Esc to quit)
You feel much better.
The orc warrior hits you with an orcish great mace!
You closely miss the orc warrior. You closely miss the orc warrior.
The orc warrior hits you with an orcish great mace!
You hit the orc warrior.
The orc warrior is moderately wounded.
The orc warrior hits you with an orcish great mace!
You die...
Kikubaaqudgha rasps: "You have failed me!
Welcome... oblivion!"

#####.........#######
#....#.....#'## #
#....#.....#.# #
#....#.....#.########
#...>+.....'.........
####.#.....#.########
#.#.....#.# #.#.....#'####
#@#..........#
******####***#o#..........#####
*,,,,,.....,*#.#...............
*,,,,.oo....##.#...........####
*,,,,...o...+..............#
*,,,,.......##.######......#
*,,, ,....., #.# #......#
*,,,,,....,,*#.# #......#
*,,,,,...,,,*#.# ######.#


You could see an orc warrior.

Vanquished Creatures
  A necrophage (D:5)
  A sky beast (D:5)
  4 ogres
  2 centaurs
  3 giant frogs
  3 crimson imps
  2 jellies (D:6)
  An orc priest (D:7)
  2 hounds (D:5)
  A centaur skeleton (D:6)
  An orc wizard (D:4)
  2 scorpions
  3 worker ants
  A hound zombie (D:6)
  A worker ant zombie (D:5)
  9 adders
  7 gnolls
  A giant mite (D:2)
  An inept feature mimic (D:6)
  2 worms
  A giant eyeball (D:4)
  2 giant geckos
  2 oozes
  25 orcs
  4 ball pythons
  9 bats
  A bat skeleton (D:4)
  5 giant cockroaches
  12 hobgoblins
  8 quokkas
  7 giant newts
  9 goblins
  11 kobolds
  11 rats
  A ballistomycete (D:7)
156 creatures vanquished.

Vanquished Creatures (collateral kills)
  An ogre (D:6)
  A goliath beetle (D:6)
  A hound (D:6)
  Ijyb (D:6)
4 creatures vanquished.

Vanquished Creatures (others)
  A giant spore (D:7)
1 creature vanquished.

Grand Total: 161 creatures vanquished

Notes
Turn   | Place    | Note
--------------------------------------------------------------
     0 | D:1      | PolkaDot, the Vampire Transmuter, began the quest for the Orb.
     0 | D:1      | Reached XP level 1. HP: 15/15 MP: 2/2
   186 | D:1      | Learned a level 1 spell: Beastly Appendage
   415 | D:1      | Reached XP level 2. HP: 15/21 MP: 4/4
   598 | D:1      | Reached skill level 1 in Fighting
  1187 | D:2      | Reached skill level 4 in Unarmed Combat
  1293 | D:2      | Reached XP level 3. HP: 26/26 MP: 5/5
  1598 | D:2      | Learned a level 3 spell: Spider Form
  1643 | D:2      | Reached XP level 4. HP: 17/32 MP: 5/7
  2063 | D:3      | Found a basalt altar of Yredelemnul.
  2461 | D:4      | Reached XP level 5. HP: 27/37 MP: 5/8
  2729 | D:4      | Reached skill level 5 in Unarmed Combat
  2743 | D:4      | Reached skill level 5 in Transmutations
  3003 | D:4      | Paralysed by a giant eyeball for 2 turns
  3013 | D:4      | Paralysed by a giant eyeball for 2 turns
  3019 | D:4      | Reached XP level 6. HP: 43/43 MP: 10/10
  3026 | D:4      | Learned a level 5 spell: Blade Hands
  3259 | D:5      | Entered Level 5 of the Dungeon
  3435 | D:5      | Reached skill level 6 in Unarmed Combat
  3447 | D:5      | Reached XP level 7. HP: 36/48 MP: 9/11
  3823 | D:5      | Reached skill level 7 in Transmutations
  3846 | D:5      | Found a sparkling altar of Nemelex Xobeh.
  4378 | D:5      | HP: 2/48 [poisoned by a worker ant]
  4386 | D:5      | HP: 2/48 [poisoned by a worker ant]
  4754 | D:5      | Noticed a necrophage
  4774 | D:5      | Killed a necrophage
  4774 | D:5      | Reached skill level 8 in Transmutations
  4774 | D:5      | Reached XP level 8. HP: 27/54 MP: 8/13
  4795 | D:5      | Learned a level 2 spell: Sticks to Snakes
  5088 | D:6      | Noticed Ijyb
  5094 | D:6      | Killed Ijyb
  5361 | D:6      | Found a radiant altar of Vehumet.
  5774 | D:7      | Found a staircase to the Ecumenical Temple.
  5788 | Temple   | Entered the Ecumenical Temple
  5993 | Temple   | Became a worshipper of Kikubaaqudgha
  6635 | D:7      | Reached skill level 9 in Transmutations
  6679 | D:7      | Slain by an orc warrior

Action                   |  1- 3 |  4- 6 |  7- 9 || total
-------------------------+-------+-------+-------++-------
Melee: Unarmed           |   151 |   238 |   258 ||   647
 Cast: Beastly Appendage |     3 |     5 |     7 ||    15
       Spider Form       |     1 |    12 |     5 ||    18
       Blade Hands       |       |       |     2 ||     2
       Sticks to Snakes  |       |       |     9 ||     9
 Abil: Bottle Blood      |       |     2 |     4 ||     6
       End Transformatio |       |     2 |     2 ||     4
Evoke: Wand              |       |     2 |       ||     2
  Use: Potion            |     1 |     4 |     3 ||     8
       Scroll            |       |       |    15 ||    15
 Stab: Sleeping          |     2 |       |     3 ||     5
